 Dungeon Crawl Stone Soup version 0.21.1-1-g345015f (webtiles) character file.

2201 sking99 the Insei (level 9, -1/84 HPs)
             Began as a White Draconian Transmuter on June 21, 2018.
             Was an Initiate of Ru.
             Slain by an orc warrior
             ... wielding a +1 war axe of freezing
              (2 damage)
             ... on level 6 of the Dungeon on June 22, 2018.
             The game lasted 00:28:52 (7722 turns).

sking99 the Insei (White Draconian Transmuter)      Turns: 7722, Time: 00:28:55

Health: -1/84      AC:  6    Str: 12    XL:     9   Next: 12%
Magic:  20/24      EV: 11    Int: 15    God:    Ru [......]
Gold:   264        SH:  0    Dex: 14    Spells: 2/16 levels left

rFire    x . .     SeeInvis .     - Unarmed
rCold    + + +     Gourm    .   (shield currently unavailable)
rNeg     . . .     Faith    .   (armour unavailable)
rPois    +         Spirit   .   (helmet currently unavailable)
rElec    .         Reflect  .   (cloak currently unavailable)
rCorr    .         Harm     .   (gloves currently unavailable)
MR       .....                  (boots currently unavailable)
Stlth    +.........             (no amulet)
HPRegen  0.24/turn              h - ring of magical power
MPRegen  0.19/turn              (no ring)

@: ice-form
A: large, (breathe frost), unfitting armour, AC +7
a: End Transformation, Renounce Religion


You were on level 6 of the Dungeon.
You worshipped Ru.
Ru was noncommittal.
You were not hungry.
You were a creature of crystalline ice.
You visited 2 branches of the dungeon, and saw 7 of its levels.
You also visited: Sewer.

You collected 264 gold pieces.

Inventory:

Missiles
 a - 21 arrows (quivered)
Armour
 m - a +1 pair of boots (melded)
Jewellery
 h - a ring of magical power (left front paw)
Wands
 l - a wand of digging (6)
 w - a wand of paralysis (14)
 y - a wand of random effects (20)
Scrolls
 e - 7 scrolls of identify
 f - 2 scrolls of teleportation
 g - a scroll of magic mapping
 k - 2 scrolls of immolation
 x - a scroll of fog
Potions
 d - 2 potions of resistance
 i - a potion of lignification
 j - a potion of might {unknown}
 p - 2 potions of haste {unknown}
 r - 3 potions of flight {unknown}
 s - a potion of cancellation {unknown}
 t - a potion of brilliance {unknown}
 u - a potion of mutation {unknown}
 v - a potion of agility {unknown}
Books
 b - a book of Changes

   Spells                             Type                      Level
   a - Beastly Appendage              Transmutation                1
   b - Sticks to Snakes               Transmutation                2
   c - Spider Form                    Transmutation/Poison         3
   d - Ice Form                       Ice/Transmutation            4
   e - Blade Hands                    Transmutation                5
 n - a book of Frost

   Spells                             Type                      Level
   a - Freeze                         Ice                          1
   b - Throw Frost                    Conjuration/Ice              2
   c - Ozocubu's Armour               Charms/Ice                   3
   d - Throw Icicle                   Conjuration/Ice              4
   e - Summon Ice Beast               Ice/Summoning                4
 o - a book of Misfortune

   Spells                             Type                      Level
   a - Confusing Touch                Hexes                        1
   b - Confuse                        Hexes                        3
   c - Gell's Gravitas                Translocation                3
   d - Petrify                        Transmutation/Earth          4
   e - Metabolic Englaciation         Hexes/Ice                    5
   f - Yara's Violent Unravelling     Hexes/Transmutation          5
Comestibles
 c - 8 rations


   Skills:
 - Level 3.2 Fighting
 + Level 3.5 Dodging
 * Level 7.9 Unarmed Combat
 - Level 4.0 Spellcasting
 * Level 0.2 Conjurations
 - Level 6.0 Transmutations
 - Level 5.0 Ice Magic
 - Level 2.0 Poison Magic


You had 2 spell levels left.
You knew the following spells:

 Your Spells              Type           Power        Failure   Level  Hunger
a - Ice Form              Ice/Tmut       ###.....     19%         4    ####...
b - Sticks to Snakes      Tmut           ###.....     2%          2    ##.....
c - Beastly Appendage     Tmut           ###...       1%          1    None
d - Spider Form           Tmut/Pois      ###.......   11%         3    ###....
e - Throw Icicle          Conj/Ice       ##......     52%         4    ####...


Dungeon Overview and Level Annotations

Branches:
Dungeon (6/15)             Temple (1/1) D:6

Altars:
Ashenzari
Dithmenos
Elyvilon
Fedhas
Gozag
Hepliaklqana
Makhleb
Nemelex Xobeh
Okawaru
Qazlal
Ru
Sif Muna
Uskayaw
Vehumet
Wu Jian
Yredelemnul
Zin

Shops:
D:5 =


Innate Abilities, Weirdness & Mutations

((You can breathe waves of freezing cold.))
((You can buffet flying creatures when you breathe cold.))
((Your icy white scales are hard. (AC +7)))
You cannot fit into any form of body armour.
((Your flesh is cold resistant. (rC+)))
((You are cold-blooded and may be slowed by cold attacks.))


Message History

The orc warrior is moderately wounded.
You hit the orc warrior but do no damage.
The orc warrior is moderately wounded.
The orc warrior hits you with a war axe of freezing!!
The orc warrior freezes you.
You punch the orc warrior!
The orc warrior is severely wounded.
The orc warrior hits you with a war axe of freezing.
* * * LOW HITPOINT WARNING * * *
The orc warrior freezes you.
* * * LOW HITPOINT WARNING * * *
You see here a leather armour.
Casting: Ice Form
Confirm with . or Enter, or press ? or * to list all spells.
You turn into a creature of crystalline ice.
Your +1 pair of boots melds into your body.
The orc warrior hits you with a war axe of freezing!!
* * * LOW HITPOINT WARNING * * *
The orc warrior freezes you.
You die...

#.##...)..o..#
#>#.#.#####.#
#...## ##..[##
##....o##
#....o..##
#........#
#....o...#
##...Y.#.#
##....#.####
###......... #
###..........
+
#.........#..
# #.##..#.#.#
#.##....#.# #
#.##..###.#.#
#.......#.#.#


You could see an orc warrior and 2 orcs.

Vanquished Creatures
  Eustachio (D:3)
  Edmund (D:6)
  Menkaure (D:4)
  An ice beast (D:6)
  Purgy (D:4)
  An orc warrior (D:5)
  2 phantoms
  3 ogres
  A centaur (D:5)
  A crocodile (Sewer)
  A scorpion (D:4)
  4 wights (D:5)
  2 howler monkeys
  3 crimson imps
  A centaur skeleton (D:5)
  4 orc wizards
  2 bullfrog skeletons
  6 worker ants
  7 adders
  A river rat (D:5)
  2 shadow imps (D:5)
  2 oozes
  2 adder skeletons (D:4)
  5 worms
  2 dart slugs
  A leopard gecko (D:5)
  19 orcs
  2 ball pythons
  9 giant cockroaches
  5 goblins
  7 hobgoblins
  6 jackals
  15 kobolds
  A quokka (D:3)
  9 bats
  7 frilled lizards
  2 leopard gecko skeletons (D:4)
  A quokka skeleton (D:4)
  13 rats
154 creatures vanquished.

Vanquished Creatures (collateral kills)
  2 rats (D:5)
2 creatures vanquished.

Grand Total: 156 creatures vanquished

Notes
Turn   | Place    | Note
-------+----------+-------------------------------------------
     0 | D:1      | sking99 the Draconian Transmuter began the quest for the Orb.
     0 | D:1      | Reached XP level 1. HP: 16/16 MP: 3/3
   291 | D:1      | Reached XP level 2. HP: 22/23 MP: 5/5
   330 | D:1      | Learned a level 2 spell: Sticks to Snakes
   546 | D:1      | Reached XP level 3. HP: 28/29 MP: 6/6
   804 | D:2      | Learned a level 3 spell: Spider Form
  1739 | D:2      | Reached XP level 4. HP: 36/36 MP: 7/7
  1979 | D:2      | Reached skill level 1 in Poison Magic
  2106 | D:3      | Noticed an ogre
  2120 | D:3      | Killed an ogre
  2120 | D:3      | Reached XP level 5. HP: 20/41 MP: 5/9
  2491 | D:3      | Found a sparkling altar of Nemelex Xobeh.
  2990 | D:4      | Noticed a phantom
  3213 | D:4      | Noticed Purgy
  3274 | D:3      | Killed a phantom
  3274 | D:3      | Reached skill level 4 in Unarmed Combat
  3274 | D:3      | Reached XP level 6. HP: 13/48 MP: 7/11
  3521 | D:4      | Noticed Eustachio
  3523 | D:4      | Noticed Menkaure
  4030 | D:3      | Killed Eustachio
  4097 | D:4      | Killed Menkaure
  4097 | D:4      | Your scales start taking on an icy white colour.
  4097 | D:4      | Reached XP level 7. HP: 23/55 MP: 3/13
  4097 | D:4      | Gained mutation: Your flesh is cold resistant. (rC+) [White Draconian growth]
  4332 | D:4      | Reached skill level 5 in Unarmed Combat
  4875 | D:4      | Killed Purgy
  5468 | D:4      | Learned a level 4 spell: Ice Form
  5540 | D:5      | Entered Level 5 of the Dungeon
  5591 | D:5      | Found a glowing drain.
  5634 | Sewer    | Entered a sewer
  5815 | Sewer    | Reached skill level 6 in Unarmed Combat
  5815 | Sewer    | Reached skill level 1 in Ice Magic
  6030 | D:5      | Reached XP level 8. HP: 59/63 MP: 11/14
  6156 | D:5      | Found Voribeok's Jewellery Shop.
  6443 | D:5      | Reached skill level 5 in Transmutations
  7002 | D:6      | Reached skill level 7 in Unarmed Combat
  7226 | D:6      | Reached skill level 5 in Ice Magic
  7239 | D:6      | Noticed Edmund
  7251 | D:6      | Killed Edmund
  7251 | D:6      | Reached XP level 9. HP: 70/70 MP: 15/15
  7398 | D:6      | Found a staircase to the Ecumenical Temple.
  7409 | Temple   | Entered the Ecumenical Temple
  7544 | Temple   | Became a worshipper of Ru the Awakened
  7607 | D:6      | Learned a level 4 spell: Throw Icicle
  7722 | D:6      | HP: 1/84 [orc warrior/war axe of freezing (24)]
  7722 | D:6      | Slain by an orc warrior

Skill      XL: |  1  2  3  4  5  6  7  8 |
---------------+-------------------------+-----
Dodging        | 2 3 |  3.5
Poison Magic   | 1 2 |  2.0
Transmutations | 3 4 6 |  6.0
Spellcasting   | 3 4 |  4.0
Unarmed Combat | 4 6 7 |  7.9
Fighting       | 2 3 |  3.2
Ice Magic      | 1 5 |  5.0
Conjurations   | |  0.2

Action                   |  1- 3 |  4- 6 |  7- 9 || total
-------------------------+-------+-------+-------++-------
Melee: Unarmed           |   191 |   134 |   311 ||   636
       Tailslap          |    20 |     5 |    16 ||    41
       Punch             |     3 |     1 |     3 ||     7
       Headbutt          |     2 |       |       ||     2
 Cast: Beastly Appendage |     2 |       |     1 ||     3
       Spider Form       |       |    12 |    20 ||    32
       Sticks to Snakes  |       |     3 |     3 ||     6
       Ice Form          |       |       |     4 ||     4
 Abil: Breathe Frost     |       |       |     7 ||     7
  Use: Scroll            |       |     6 |     6 ||    12
       Potion            |       |     1 |       ||     1
 Stab: Sleeping          |     2 |       |     1 ||     3
  Eat: Chunk             |     3 |     9 |    13 ||    25
       Ration            |       |       |     1 ||     1
Armor: Skin              |    69 |    28 |    36 ||   133
Dodge: Dodged            |   149 |   106 |   204 ||   459
